 Dungeon Crawl Stone Soup version 0.23.2-40-g277498a001 (webtiles) character file.

Game seed: 11669479421532746774

2618 Emblim88 the Covert (level 9, -2/45 HPs)
             Began as a Deep Elf Summoner on Sept 23, 2019.
             Was a Believer of Dithmenos.
             Slain by a wyvern (6 damage)
             ... on level 9 of the Dungeon on Sept 24, 2019.
             The game lasted 00:58:06 (10913 turns).

Emblim88 the Covert (Deep Elf Summoner)            Turns: 10913, Time: 00:58:07

Health: -2/45      AC:  3    Str:  5    XL:     9   Next: 34%
Magic:  0/21       EV: 16    Int: 34    God:    Dithmenos [**....]
Gold:   346        SH:  0    Dex: 17    Spells: 4/21 levels left

rFire    . . .     SeeInvis .   G - +5 rapier of Xuumighof {freeze, rC+ Int+6 Dex+2}
rCold    + + .     Gourm    .   (no shield)
rNeg     . . .     Faith    .   a - +0 robe
rPois    .         Spirit   +   (no helmet)
rElec    .         Reflect  .   e - scarf {Spirit}
rCorr    .         Harm     .   i - +0 pair of gloves
MR       .....                  (no boots)
Stlth    +++++.....             (no amulet)
HPRegen  0.15/turn              g - +4 ring of intelligence
MPRegen  0.17/turn              C - ring of protection from cold

@: wreathed by umbra
A: no striking features
a: Shadow Step, Renounce Religion


You were on level 9 of the Dungeon.
You worshipped Dithmenos.
Dithmenos was pleased with you.
You were not hungry.

You visited 2 branches of the dungeon, and saw 10 of its levels.
You also visited: Ossuary.

You collected 372 gold pieces.
You spent 26 gold pieces at shops.

Inventory:

Hand Weapons
 j - a +0 hunting sling
 y - the +7 rapier of Zexastru {vamp, rElec MP+9 Stlth+, unknown}
   (You found it on level 7 of the Dungeon)

   It inflicts no extra harm, but heals its wielder when it wounds a living foe.
   It insulates you from electricity.
   It affects your magic capacity (+9).
   It makes you more stealthy.
 G - the +5 rapier of Xuumighof (weapon) {freeze, rC+ Int+6 Dex+2}
   (You found it on level 6 of the Dungeon)

   It has been specially enchanted to freeze those struck by it, causing extra
   injury to most foes and up to half again as much damage against particularly
   susceptible opponents.
   It can also slow down cold-blooded creatures.
   It affects your intelligence (+6).
   It affects your dexterity (+2).
   It protects you from cold.
 H - a +3 shortbow
 I - the cursed +1 hand axe of Winter {chop, rC- MR+ Int+2 SInv, unknown}
   (You found it on level 8 of the Dungeon)

   It inflicts extra damage upon your enemies.
   It affects your intelligence (+2).
   It makes you vulnerable to cold.
   It affects your resistance to hostile enchantments.
   It lets you see invisible.
   It has a curse placed upon it.
Missiles
 b - 415 stones (quivered)
 l - 37 poisoned needles
 o - 26 sling bullets
 J - 15 arrows
Armour
 a - a +0 robe (worn)
 e - a scarf of spirit shield (worn)
 i - a +0 pair of gloves (worn)
Jewellery
 g - a +4 ring of intelligence (left hand)
 C - a ring of protection from cold (right hand)
Wands
 h - a wand of paralysis (16)
 q - a wand of flame (54)
 w - a wand of iceblast (15)
Scrolls
 f - 2 scrolls of teleportation
 k - a scroll of magic mapping
 m - 2 scrolls of immolation
 n - a scroll of fog
 p - a scroll of enchant weapon
 t - 2 scrolls of blinking
 x - 2 scrolls of remove curse
 A - 2 scrolls of noise
 D - a scroll of holy word
 F - a scroll of silence {unknown}
Potions
 d - 6 potions of flight
 r - 2 potions of degeneration
 s - 2 potions of might
 u - 2 potions of haste
 v - 2 potions of curing
 z - a potion of magic
 B - a potion of resistance
 E - 3 potions of brilliance
Comestibles
 c - 7 rations


   Skills:
 + Level 5.8 Dodging
 * Level 8.9 Stealth
 + Level 6.7 Spellcasting
 + Level 5.2 Hexes
 * Level 8.4 Summonings
 + Level 4.3 Evocations


You had 4 spell levels left.
You knew the following spells:

 Your Spells              Type           Power        Failure   Level  Hunger
a - Summon Small Mammal   Summ           ####         1%          1    None
b - Call Imp              Summ           ######..     1%          2    None
c - Summon Guardian Gole  Hex/Summ       ######..     1%          3    None
d - Call Canine Familiar  Summ           ######..     1%          3    None
e - Summon Ice Beast      Ice/Summ       #####...     6%          4    #......
f - Summon Lightning Spi  Summ/Air       #####...     6%          4    #......

Your spell library contained the following spells:

 Spells                   Type           Power        Failure   Level  Hunger
 Poisonous Vapours        Pois/Air       ##....       5%          2    None
 Conjure Flame            Conj/Fire      ##......     11%         3    None
 Mephitic Cloud           Conj/Pois/Air  ##......     11%         3    None
 Freezing Cloud           Conj/Ice/Air   ##........   99%         6    ######.
 Ring of Flames           Chrm/Fire      ##........   100%        7    #######


Dungeon Overview and Level Annotations

Branches:
Dungeon (9/15)             Temple (1/1) D:4
   Lair: D:8-11         Orc: D:9-12

Altars:
Ashenzari
Cheibriados
Dithmenos
Elyvilon
Fedhas
Gozag
Hepliaklqana
Kikubaaqudgha
Makhleb
Nemelex Xobeh
Okawaru
Qazlal
Ru
Sif Muna
Trog
Uskayaw
Vehumet
Wu Jian
Xom
Yredelemnul
Zin
The Shining One

Shops:
D:4 (   D:5 !   D:7 ?


Message History

r - Retreat! s - Stop attacking. g - Guard the area. f - Follow me.
Anything else - Cancel.
Gang up on whom?
Press: ? - help, Dir - move target cursor, f - wyvern
Aim: a wyvern (umbra) Attack!
The wyvern barely misses you. x2
The wyvern closely misses you.
Your ice beast closely misses the wyvern.
The wyvern closely misses you.
You completely miss the wyvern. The wyvern bites you!
* * * LOW HITPOINT WARNING * * *
Your ice beast barely misses the wyvern.
The wyvern bites you!
* * * LOW HITPOINT WARNING * * *
The wyvern misses you.
There is a stone staircase leading up here.
The wyvern bites you!
You die...

...... ..... #
....##. ## ..... ..
.... .# #..##.####
#......#.. ≈≈≈...#
#.@.......
≈.≈;.(.###.l.......
≈≈.YY..#...Y......#
≈≈.≈...##.#......##
≈≈..(..#..#...[..#
.≈.?.($#.........#
..≈≈..(#.....#.###
.......(†....###
###.#........#


You could see a wyvern and a friendly ice beast.

Vanquished Creatures
  2 hounds (D:9)
2 creatures vanquished.

Vanquished Creatures (collateral kills)
  A two-headed ogre (D:8)
  Pikel (D:6)
  Joseph (D:7)
  2 hippogriffs (D:8)
  A spriggan (D:7)
  Sigmund (D:4)
  A wyvern (D:8)
  A hungry ghost (D:8)
  2 water moccasins
  2 orc warriors
  2 sky beasts
  3 ice beasts
  A wolf (D:9)
  2 centaurs
  3 ogres
  A crocodile (D:7)
  A gnoll sergeant (D:5)
  A bullfrog (D:7)
  2 scorpions
  2 centaur skeletons
  9 hounds
  A jelly (D:6)
  A bullfrog skeleton (D:7)
  A gnoll shaman (D:5)
  4 orc wizards
  Terence (D:3)
  An iguana (D:5)
  Natasha (twice) (D:3)
  6 worker ants
  7 gnolls
  13 adders
  2 shadow imps
  3 oozes
  2 adder skeletons
  2 worms
  A dart slug (D:2)
  4 leopard geckos
  21 orcs
  4 giant cockroaches
  9 goblins
  6 hobgoblins
  4 quokkas
  A ball python (D:5)
  11 bats
  5 frilled lizards
  10 kobolds
  A leopard gecko zombie (D:5)
  An orc zombie (Ossuary)
  7 rats
171 creatures vanquished.

Grand Total: 173 creatures vanquished

Notes
Turn   | Place    | Note
-------+----------+-------------------------------------------
     0 | D:1      | Emblim88 the Deep Elf Summoner began the quest for the Orb.
     0 | D:1      | Reached XP level 1. HP: 10/10 MP: 6/6
   535 | D:1      | Reached XP level 2. HP: 15/15 MP: 4/8
   539 | D:1      | Learned a level 2 spell: Call Imp
  1083 | D:2      | Noticed a sky beast
  1113 | D:2      | Killed a sky beast
  1113 | D:2      | Reached skill level 5 in Summonings
  1113 | D:2      | Reached XP level 3. HP: 10/19 MP: 1/10
  1113 | D:2      | Reached XP level 4. HP: 12/24 MP: 1/11
  1326 | D:2      | Learned a level 3 spell: Summon Guardian Golem
  1330 | D:2      | Learned a level 3 spell: Call Canine Familiar
  1371 | D:2      | Found an iron altar of Okawaru.
  1963 | D:3      | Found a basalt altar of Yredelemnul.
  2420 | D:3      | Noticed Natasha
  2430 | D:3      | Killed Natasha
  2692 | D:3      | Reached XP level 5. HP: 26/28 MP: 12/12
  2856 | D:3      | Noticed Terence
  2903 | D:3      | Killed Terence
  3110 | D:3      | Noticed Natasha
  3125 | D:3      | Killed Natasha
  3286 | D:3      | Found a deep blue altar of Sif Muna.
  3395 | D:4      | Found a staircase to the Ecumenical Temple.
  3402 | Temple   | Entered the Ecumenical Temple
  3676 | Temple   | Became a worshipper of Dithmenos the Shadowed
  3776 | D:4      | Reached skill level 1 in Hexes
  3913 | D:4      | Found a sand-covered staircase.
  3918 | Ossuary  | Entered an ossuary
  3926 | Ossuary  | Reached skill level 1 in Evocations
  3945 | D:4      | Noticed Sigmund
  3963 | D:4      | Killed Sigmund
  3963 | D:4      | Reached XP level 6. HP: 32/32 MP: 4/14
  3971 | D:4      | Found Voexa's Weapon Emporium.
  4157 | D:4      | Reached skill level 5 in Stealth
  4279 | D:4      | Found a burning altar of Makhleb.
  4280 | D:4      | Noticed a balrug
  4284 | D:4      | Found a glowing silver altar of Zin.
  4284 | D:4      | Noticed an angel
  4581 | D:5      | Entered Level 5 of the Dungeon
  4696 | D:5      | Found Nyuvig's Distillery.
  5472 | D:5      | Noticed an ice beast
  5480 | D:5      | Killed an ice beast
  5581 | D:5      | Noticed a sky beast
  5826 | D:5      | Reached * piety under Dithmenos
  5880 | D:5      | Reached XP level 7. HP: 25/36 MP: 11/15
  6607 | D:5      | Found a glowing golden altar of the Shining One.
  6980 | D:6      | Learned a level 4 spell: Summon Ice Beast
  7478 | D:6      | Got an encrusted rapier
  7479 | D:6      | Identified the +5 rapier of Xuumighof {freeze, rC+ Int+6
                  | Dex+2} (You found it on level 6 of the Dungeon)
  7494 | D:6      | Noticed Pikel
  7516 | D:6      | Killed Pikel
  7516 | D:6      | Reached skill level 5 in Spellcasting
  8027 | D:6      | Reached XP level 8. HP: 41/41 MP: 9/17
  8074 | D:6      | Learned a level 4 spell: Summon Lightning Spire
  8076 | D:7      | Noticed Joseph
  8094 | D:7      | Killed Joseph
  8354 | D:7      | Found a blossoming altar of Fedhas.
  8926 | D:7      | Reached skill level 5 in Dodging
  9037 | D:7      | Reached ** piety under Dithmenos
  9303 | D:7      | Found Tagruh's Magic Scroll Emporium.
  9519 | D:7      | Bought a scroll of identify for 26 gold pieces
  9568 | D:7      | Got an iridescent rapier
  9864 | D:8      | Noticed a hippogriff
  9879 | D:8      | Killed a hippogriff
 10122 | D:8      | Noticed a hippogriff
 10126 | D:8      | Noticed a two-headed ogre
 10132 | D:8      | Killed a hippogriff
 10410 | D:8      | Reached XP level 9. HP: 45/45 MP: 13/20
 10493 | D:8      | Got a translucent hand axe
 10502 | D:8      | Found an iron altar of Okawaru.
 10541 | D:8      | Killed a two-headed ogre
 10541 | D:8      | Reached skill level 5 in Hexes
 10805 | D:8      | Found an opulent altar of Gozag.
 10913 | D:9      | Slain by a wyvern

Skill      XL: |  1  2  3  4  5  6  7  8  9 |
---------------+----------------------------+-----
Stealth        | 3 4 5 6 8 |  8.9
Dodging        | 3 4 5 |  5.8
Summonings     | 5 6 8 |  8.4
Hexes          | 1 2 3 4 5 |  5.2
Evocations     | 1 2 3 4 |  4.3
Spellcasting   | 4 5 6 |  6.7

Action                   |  1- 3 |  4- 6 |  7- 9 || total
-------------------------+-------+-------+-------++-------
Melee: Scythe            |       |     1 |     5 ||     6
       Rapier            |       |       |     6 ||     6
 Cast: Summon Small Mamm |    15 |       |       ||    15
       Call Imp          |    16 |     9 |       ||    25
       Call Canine Famil |       |    41 |    15 ||    56
       Summon Guardian G |       |     9 |     6 ||    15
       Summon Ice Beast  |       |       |    49 ||    49
       Summon Lightning  |       |       |     5 ||     5
  Use: Scroll            |       |    10 |     3 ||    13
       Potion            |       |     7 |     6 ||    13
 Stab: Distracted        |       |       |     1 ||     1
  Eat: Chunk             |       |     3 |     1 ||     4
       Ration            |       |     5 |     5 ||    10
Armor: Robe              |     8 |    14 |     7 ||    29
Dodge: Dodged            |    33 |    80 |    68 ||   181
